 Dungeon Crawl Stone Soup version 0.31.0-11-ge490571c62 (webtiles) character file.

Game seed: 10867139497517782377

227 qw the Skirmisher (level 5, 0/29 HPs)
             Began as a Deep Elf Hunter on Feb 3, 2024.
             Slain by a hound (2 damage)
             ... on level 4 of the Dungeon.
             The game lasted 00:00:30 (2769 turns).

qw the Skirmisher (Deep Elf Hunter)                 Turns: 2769, Time: 00:00:31

Health: 0/29       AC:  5    Str: 10    XL:     5   Next: 70%
Magic:  7/7        EV: 11    Int: 14    God:
Gold:   94         SH:  0    Dex: 18    Spells: 4/4 levels left

rFire   . . .        a - +1 shortbow (heavy)
rCold   . . .        (shield currently unavailable)
rNeg    . . .        j - +0 ring mail
rPois   .            (no helmet)
rElec   .            (no cloak)
rCorr   .            (no gloves)
SInv    .            (no boots)
Will    .....        (no amulet)
Stlth   +            (no ring)
HPRegen 0.24/turn    (no ring)
MPRegen 0.10/turn

%: no passive effects
@: about to teleport
A: no striking features
a: no special abilities


You were on level 4 of the Dungeon.
You visited 1 branch of the dungeon, and saw 4 of its levels.

You collected 177 gold pieces.
You spent 83 gold pieces at shops.


   Skills:
 + Level 1.6 Fighting
 - Level 9.2 Ranged Weapons
 - Level 2.4 Dodging
 - Level 1.2 Stealth


You had 4 spell levels left.
You didn't know any spells.
Your spell library was empty.

Inventory:

Hand Weapons
 a - a +1 heavy shortbow (weapon)
Armour
 j - a +0 ring mail (worn)
Potions
 b - a potion of mutation
 c - 2 potions of might
 d - a potion of lignification {unknown}
 e - 3 potions of curing
 f - a potion of enlightenment

Dungeon Overview and Level Annotations

Branches:
Dungeon (4/15)
 Temple: D:4-7

Altars:
Cheibriados
Hepliaklqana
Qazlal
Trog
Xom

Shops:
D:2 *

Annotations:
D:4 Dowan, Duvessa


Message History

2679 ||| FLEEEEING.
2680 ||| FLEEEEING.
2681 ||| FLEEEEING.
There is a stone staircase leading up here.
2682 ||| STAIRDANCE You climb upwards.
There is a stone staircase leading down here.
You start resting.
HP restored.
Partly explored, can't reach some items.
What level of the Dungeon? (default 4, ? - help)
You climb downwards.
Level annotation: Dowan, Duvessa Dowan gestures wildly while chanting.
Dowan blinks!
Duvessa hits you with a +0 rapier!
There is a stone staircase leading up here.
2702 ||| STAIRDANCE Duvessa hits you with a +0 rapier!
You climb upwards.
There is a stone staircase leading down here.
You start resting.
HP restored.
Partly explored, can't reach some items.
What level of the Dungeon? (default 4, ? - help)
You climb downwards.
Level annotation: Dowan, Duvessa The hound bites you.
Duvessa hits you with a +0 rapier! The hound bites you but does no damage.
Duvessa hits you with a +0 rapier!
There is a stone staircase leading up here.
2768 ||| READING scroll of teleportation.
As you read the scroll of teleportation, it crumbles to dust.
You feel strangely unstable. The hound bites you but does no damage.
The hound closely misses you. Duvessa hits you with a +0 rapier.
Enter note:
Enter note:
Enter note:
2769 ||| RETREEEEATING.
The hound bites you.
You die...

........## #......##.....
#..[.....## #...).#...... . #
##.........# ###..........
..#.##..........###.#.....#...#
.................#........##.##
..............#....#>....######
...=........###... #...### #
.h....e......##.####..##
.........#....@<##....#
........##...##he#?.###
.......###..)#......## .....<.
#...........# .......
#..#........# ####..#
##.###.##...# ### #.###### ###


You could see Duvessa and a hound.

Vanquished Creatures
  A phantom (D:4)
  4 adders (D:2)
  3 gnolls (D:2)
  A dart slug (D:1)
  A ribbon worm (D:4)
  An orc (D:4)
  8 ball pythons
  10 endoplasms
  A giant cockroach (D:2)
  6 goblins
  5 hobgoblins
  10 jackals
  4 quokkas
  5 bats
  3 frilled lizards
  6 kobolds
  9 rats
78 creatures vanquished.

Notes
Turn   | Place    | Note
-------+----------+-------------------------------------------
     0 | D:1      | qw the Deep Elf Hunter began the quest for the Orb.
     0 | D:1      | Reached XP level 1. HP: 12/12 MP: 3/3
     0 | D:1      | 0 ||| qw: Version: 0.3-a-155-g5e7d8dd
     0 | D:1      | 0 ||| qw: Game counter: 3513
     0 | D:1      | 0 ||| qw: Melee chars always use a shield: true
     0 | D:1      | 0 ||| qw: God list: Okawaru
     0 | D:1      | 0 ||| qw: Allow faded altars: false
     0 | D:1      | 0 ||| qw: Do Orc after clearing Dungeon:15 true
     0 | D:1      | 0 ||| qw: Do second Lair branch before Depths: true
     0 | D:1      | 0 ||| qw: Lair rune preference: random
     0 | D:1      | 0 ||| qw: Goals: Normal
     0 | D:1      | 0 ||| PLANNING D:1-11
   107 | D:1      | Reached skill level 6 in Ranged Weapons
   107 | D:1      | Reached XP level 2. HP: 16/16 MP: 4/4
   233 | D:1      | Reached XP level 3. HP: 20/20 MP: 5/5
   609 | D:1      | 609 ||| UPGRADING to +0 ring mail.
   619 | D:1      | 619 ||| DROPPING +0 leather armour.
   620 | D:1      | 620 ||| READING scroll labelled UDUZUXEREKH.
   621 | D:1      | 621 ||| READING 2 scrolls labelled DELLEA BORIGG.
   621 | D:1      | 621 ||| IDENTIFYING brown potion
   622 | D:1      | 622 ||| READING scroll of identify.
   622 | D:1      | 622 ||| IDENTIFYING grey potion
   623 | D:1      | 623 ||| READING scroll labelled TAMPOS WEVVY.
   624 | D:1      | 624 ||| READING scroll labelled XUNACE SUMICH.
   625 | D:1      | 625 ||| DROPPING scroll of butterflies.
   753 | D:2      | Reached skill level 7 in Ranged Weapons
   759 | D:2      | Found a shimmering altar of Xom.
   980 | D:2      | Reached XP level 4. HP: 25/25 MP: 6/6
  1017 | D:2      | Reached skill level 8 in Ranged Weapons
  1527 | D:2      | Found Inwaularr's Assorted Antiques.
  1535 | D:2      | 1535 ||| BUYING lumpy puce potion (15 gold).
  1535 | D:2      | Bought a lumpy puce potion for 15 gold pieces
  1535 | D:2      | 1535 ||| BUYING scroll of identify (34 gold).
  1535 | D:2      | Bought a scroll of identify for 34 gold pieces
  1535 | D:2      | 1535 ||| BUYING scroll of identify (34 gold).
  1535 | D:2      | Bought a scroll of identify for 34 gold pieces
  1792 | D:2      | 1792 ||| READING 3 scrolls of identify.
  1792 | D:2      | 1792 ||| IDENTIFYING golden potion
  1793 | D:2      | 1793 ||| READING 2 scrolls of identify.
  1793 | D:2      | 1793 ||| IDENTIFYING black potion
  1794 | D:2      | 1794 ||| READING scroll of identify.
  1794 | D:2      | 1794 ||| IDENTIFYING 2 lumpy puce potions
  1795 | D:2      | 1795 ||| READING scroll labelled INICUC OTAORGH.
  1799 | D:2      | 1799 ||| DROPPING 2 potions of magic.
  1830 | D:3      | Found a bloodstained altar of Trog.
  1832 | D:3      | Found a snail-covered altar of Cheibriados.
  1832 | D:3      | Found a hazy altar of Hepliaklqana.
  1836 | D:3      | Found a stormy altar of Qazlal.
  1927 | D:3      | Reached XP level 5. HP: 29/29 MP: 7/7
  2385 | D:3      | 2385 ||| READING 3 scrolls of identify.
  2385 | D:3      | 2385 ||| IDENTIFYING amethyst potion
  2386 | D:3      | 2386 ||| READING 2 scrolls of identify.
  2386 | D:3      | 2386 ||| IDENTIFYING 4 glowing clear potions
  2387 | D:3      | 2387 ||| READING scroll of identify.
  2387 | D:3      | 2387 ||| IDENTIFYING scroll labelled HEKKOSE NUPAAZ
  2388 | D:3      | 2388 ||| READING scroll of enchant weapon.
  2388 | D:3      | 2388 ||| ENCHANTING +0 shortbow.
  2389 | D:3      | 2389 ||| READING 2 scrolls labelled HILIAT MUDIOG.
  2490 | D:3      | 2490 ||| READING scroll labelled YLUUDIDDOM.
  2491 | D:3      | 2491 ||| READING scroll labelled HEDAUCK ZULU.
  2492 | D:3      | 2492 ||| READING scroll labelled ATEGRE IMOVO.
  2492 | D:3      | 2492 ||| BRANDING +1 shortbow.
  2493 | D:3      | 2493 ||| DROPPING 4 potions of ambrosia.
  2494 | D:3      | 2494 ||| DROPPING scroll of vulnerability.
  2495 | D:3      | 2495 ||| DROPPING potion of brilliance.
  2652 | D:4      | Noticed a phantom
  2655 | D:4      | Killed a phantom
  2656 | D:4      | Reached skill level 9 in Ranged Weapons
  2671 | D:4      | Noticed Duvessa
  2673 | D:4      | Noticed Dowan
  2674 | D:4      | 2674 ||| RETREEEEATING.
  2675 | D:4      | 2675 ||| RETREEEEATING.
  2676 | D:4      | 2676 ||| RETREEEEATING.
  2677 | D:4      | 2677 ||| FLEEEEING.
  2678 | D:4      | 2678 ||| FLEEEEING.
  2679 | D:4      | 2679 ||| FLEEEEING.
  2680 | D:4      | 2680 ||| FLEEEEING.
  2681 | D:4      | 2681 ||| FLEEEEING.
  2682 | D:4      | 2682 ||| STAIRDANCE
  2702 | D:4      | 2702 ||| STAIRDANCE
  2767 | D:4      | HP: 6/29 [Duvessa/+0 rapier (7)]
  2768 | D:4      | 2768 ||| READING scroll of teleportation.
  2768 | D:4      | HP: 2/29 [Duvessa/+0 rapier (5)]
  2769 | D:4      | 2769 ||| RETREEEEATING.
  2769 | D:4      | Slain by a hound

Levels and vault maps discovered:
D:1:      minmay_arrival_arboretum_small, layout_basic, dk_noncrumbling_2,
          minmay_tall_x
D:2:      layout_basic, basic_altar, serial_shops, shop
D:3:      layout_rooms, grunt_temple_overflow_open, minmay_tree_intersection,
          corexii_item_surrounded_by_moat, nrook_mini_backslash
D:4:      layout_cave_pools, minmay_temple_entry_antechambers, uniq_duvessa

Skill      XL: |  1  2  3  4  5 |
---------------+----------------+-----
Ranged Weapons | 6 7 8 9 |  9.2
Fighting       | |  1.6
Dodging        | |  2.4
Stealth        | |  1.2

Action                     |  1- 3 |  4- 6 || total
---------------------------+-------+-------++-------
   Fire: Shortbow          |   105 |    76 ||   181
    Use: Scroll            |     5 |    13 ||    18
 Armour: Leather armour    |     9 |       ||     9
         Ring mail         |     5 |    17 ||    22
  Dodge: Dodged            |    18 |     8 ||    26

Table legend:
 A = Non-vault XP
 B = Vault XP
 C = Vault XP percentage of total XP
 D = Non-vault monster count
 E = Vault monster count
 F = Vault count percentage of total count
                 A         B        C        D         E       F
            +---------+---------+-------+---------+---------+-------
      Total |     315 |      10 |   3.1 |      74 |       4 |   5.1
            +---------+---------+-------+---------+---------+-------
        D:1 |      48 |      10 |  17.2 |      30 |       4 |  11.8
        D:2 |     129 |       0 |   0.0 |      26 |       0 |   0.0
        D:3 |      16 |       0 |   0.0 |      11 |       0 |   0.0
        D:4 |     122 |       0 |   0.0 |       7 |       0 |   0.0
            +---------+---------+-------+---------+---------+-------
